 Dungeon Crawl Stone Soup version 0.22.1-1-ga44c0e5 (webtiles) character file.

6470 brandon the Thaumaturge (level 10, -7/60 HPs)
             Began as a Deep Elf Fire Elementalist on Oct 7, 2018.
             Was a Priest of Sif Muna.
             Mangled by a tengu warrior
             ... wielding a +0 great mace
              (24 damage)
             ... on level 10 of the Dungeon.
             The game lasted 00:36:23 (13667 turns).

brandon the Thaumaturge (DEFE)                     Turns: 13667, Time: 00:36:24

Health: -7/60      AC:  3    Str:  8    XL:     10   Next: 68%
Magic:  0/25       EV: 13    Int: 24    God:    Sif Muna [***...]
Gold:   312        SH:  3    Dex: 15    Spells: 6/28 levels left

rFire    . . .     SeeInvis .   K - staff of air
rCold    + . .     Gourm    .   (no shield)
rNeg     . . .     Faith    .   i - +0 robe
rPois    .         Spirit   +   (no helmet)
rElec    +         Reflect  +   z - scarf {Spirit}
rCorr    .         Harm     .   o - +0 pair of gloves
MR       +....                  (no boots)
Stlth    ++........             f - +3 amulet of reflection
HPRegen  0.20/turn              x - +3 ring of strength
MPRegen  0.19/turn              D - ring of protection from cold

@: no status effects
A: no striking features
a: Divine Energy, Channel Magic, Renounce Religion


You were on level 10 of the Dungeon.
You worshipped Sif Muna.
Sif Muna was most pleased with you.
You were not hungry.

You visited 2 branches of the dungeon, and saw 11 of its levels.

You collected 524 gold pieces.
You spent 212 gold pieces at shops.

Inventory:

Hand Weapons
 r - a +2 dagger of speed
Missiles
 a - 5 tomahawks of returning (quivered)
Armour
 i - a +0 robe (worn)
 o - a +0 pair of gloves (worn)
 z - a scarf of spirit shield (worn)
Magical Staves
 K - an uncursed staff of air (weapon)
Jewellery
 f - a +3 amulet of reflection (around neck)
 x - a +3 ring of strength (left hand)
 D - a ring of protection from cold (right hand)
 J - an uncursed ring of resist corrosion {unknown}
 N - a cursed -2 ring of strength
Wands
 B - a wand of disintegration (12)
 C - a wand of acid (10)
 H - a wand of random effects (19)
 I - a wand of polymorph (10)
 L - a wand of flame (35)
 O - a wand of iceblast (5)
 P - a wand of paralysis (11)
Scrolls
 b - a scroll of identify
 h - 5 scrolls of teleportation
 k - 7 scrolls of remove curse
 l - a scroll of torment {unknown}
 n - 2 scrolls of enchant armour {unknown}
 v - a scroll of immolation
 w - 2 scrolls of fog {unknown}
 y - a scroll of random uselessness {unknown}
 E - 2 scrolls of fear
 F - a scroll of summoning {unknown}
 G - a scroll of vulnerability {unknown}
 Q - a scroll of amnesia {unknown}
Potions
 d - a potion of degeneration {unknown}
 e - 3 potions of curing
 g - 3 potions of magic
 j - a potion of cancellation
 m - 3 potions of heal wounds
 p - 2 potions of brilliance
 q - 3 potions of might
 s - a potion of agility {unknown}
 t - 3 potions of ambrosia
 u - 2 potions of flight
 A - 2 potions of haste
 M - a potion of mutation
Comestibles
 c - 17 rations


   Skills:
 + Level 5.8 Fighting
 - Level 2.4 Dodging
 - Level 2.4 Stealth
 + Level 9.9 Spellcasting
 + Level 9.5 Conjurations
 + Level 8.5 Fire Magic
 * Level 5.9 Air Magic


You had 6 spell levels left.
You knew the following spells:

 Your Spells              Type           Power        Failure   Level  Hunger
a - Flame Tongue          Conj/Fire      #####        1%          1    None
b - Throw Flame           Conj/Fire      ######       1%          2    None
c - Conjure Flame         Conj/Fire      ######..     1%          3    None
d - Sticky Flame          Conj/Fire      ######..     1%          4    #......
e - Fireball              Conj/Fire      ######....   3%          5    ####...
f - Lightning Bolt        Conj/Air       ######....   6%          5    ####...
g - Swiftness             Chrm/Air       #####...     2%          2    None

Your spell library contained the following spells:

 Spells                   Type           Power        Failure   Level  Hunger
 Shock                    Conj/Air       ####         1%          1    None
 Static Discharge         Conj/Air       ######..     1%          3    None
 Inner Flame              Hex/Fire       ####....     2%          3    None
 Airstrike                Air            ######....   4%          4    #......


Dungeon Overview and Level Annotations

Branches:
Dungeon (10/15)            Temple (1/1) D:5             Orc (0/2) D:10
   Lair: D:8-11

Altars:
Ashenzari
Cheibriados
Dithmenos
Elyvilon
Fedhas
Gozag
Hepliaklqana
Kikubaaqudgha
Makhleb
Nemelex Xobeh
Okawaru
Qazlal
Ru
Sif Muna
Trog
Uskayaw
Vehumet
Wu Jian
Xom
Yredelemnul
Zin
The Shining One

Shops:
D:4 %   D:7 ?   D:9 *

Annotations:
D:3 1 runed door
D:8 1 runed door


Message History

Press: ? - help, v - describe, . - travel
Here: a tengu warrior, wielding a great mace and wearing a chain mail (flame, The floor.
Casting: Flame Tongue (safe; 1% risk of failure)
Confirm with . or Enter, or press ? or * to list all spells.
Aiming: Flame Tongue (safe; 1% risk of failure)
Press: ? - help, Shift-Dir - straight line, f/p - tengu warrior
Aim: a tengu warrior, wielding a great mace and wearing a chain mail (flame, The flame tongue hits the tengu warrior.
The tengu warrior is heavily wounded.
The tengu warrior is engulfed in blazing flames.
The tengu warrior barely misses you. The tengu warrior misses you.
The tengu warrior claws you.
* * * LOW HITPOINT WARNING * * *
Unknown command.
You barely miss the tengu warrior.
The tengu warrior is heavily wounded.
The tengu warrior is engulfed in blazing flames.
The tengu warrior hits you with a great mace!!
You die...

#.#........####.#
#.(.#...........#
#.##.##.#.........#
#.......####..._..#
##.#.#.## #.....[#
#.##.##.# #......#
##.#.#.## #.....##
###...### #..<..#
#...@...# #.....#
#.##Q##.# ###.###
#.##§##.# #.###
#.##.##.# ####.#.##
#.......# #.....#.##
##### #.##.##.#
#.††..##.## ....#
#.......###.###......
###.######
#.##........# #......
##.......#
#.#####.###.###......


You could see a tengu warrior.

Vanquished Creatures
  Prince Ribbit (D:9)
  2 hornets
  2 hippogriffs
  Grinder (D:4)
  Sigmund (D:3)
  Edmund (D:4)
  3 orc warriors
  An ice beast (D:9)
  A necrophage (D:8)
  A phantom (D:4)
  10 ogres
  6 centaurs
  A wyvern zombie (D:10)
  A gnoll sergeant (D:9)
  3 bullfrogs
  4 scorpions
  11 killer bees
  A howler monkey (D:4)
  8 wights
  4 crimson imps
  2 centaur zombies
  A quasit (D:7)
  3 hounds
  4 jellies
  6 orc priests
  13 orc wizards
  5 iguanas
  10 worker ants
  A killer bee zombie (D:5)
  A hound zombie (D:9)
  A hound skeleton (D:4)
  Robin (D:3)
  A worker ant zombie (D:7)
  15 adders
  12 gnolls
  An ooze (D:2)
  2 adder skeletons
  2 worms
  2 dart slugs
  10 leopard geckos
  50 orcs
  9 giant cockroaches
  13 goblins
  16 hobgoblins
  4 quokkas
  2 ball pythons (D:5)
  13 bats
  8 frilled lizards
  12 kobolds
  A leopard gecko zombie (D:6)
  A quokka skeleton (D:9)
  13 rats
  A spectral orc (D:4)
299 creatures vanquished.

Vanquished Creatures (others)
  An adder (D:6)
1 creature vanquished.

Grand Total: 300 creatures vanquished

Notes
Turn   | Place    | Note
-------+----------+-------------------------------------------
     0 | D:1      | brandon the Deep Elf Fire Elementalist began the quest for
                  | the Orb.
     0 | D:1      | Reached XP level 1. HP: 10/10 MP: 6/6
   510 | D:1      | Reached XP level 2. HP: 16/16 MP: 5/8
   539 | D:1      | Learned a level 2 spell: Throw Flame
  1430 | D:2      | Found a shattered altar of Ashenzari.
  1439 | D:2      | Reached XP level 3. HP: 20/20 MP: 4/9
  1444 | D:2      | Learned a level 3 spell: Conjure Flame
  1622 | D:2      | Reached skill level 1 in Fighting
  1899 | D:2      | Reached XP level 4. HP: 25/25 MP: 1/11
  2269 | D:2      | Found a shimmering altar of Xom.
  2343 | D:2      | Reached XP level 5. HP: 29/29 MP: 3/13
  2351 | D:2      | Learned a level 4 spell: Sticky Flame
  2720 | D:2      | Found a hazy altar of Hepliaklqana.
  2943 | D:3      | Noticed Sigmund
  2959 | D:3      | Killed Sigmund
  2959 | D:3      | Reached XP level 6. HP: 24/35 MP: 4/15
  3089 | D:3      | Found a burning altar of Makhleb.
  3223 | D:3      | Noticed Robin
  3230 | D:3      | Killed Robin
  3381 | D:3      | Found a glowing golden altar of the Shining One.
  4048 | D:3      | Found a runed door.
  4152 | D:4      | Reached skill level 5 in Spellcasting
  4158 | D:4      | Noticed Grinder
  4420 | D:3      | Learned a level 5 spell: Fireball
  4426 | D:3      | Reached skill level 5 in Conjurations
  4430 | D:3      | HP: 1/36 [orc priest/nerve-wracking pain (13)]
  4434 | D:3      | Reached XP level 7. HP: 30/40 MP: 0/16
  4608 | D:4      | Reached skill level 5 in Fire Magic
  4836 | D:4      | Killed Grinder
  5122 | D:4      | Found Emerururgh's Food Shoppe.
  5175 | D:4      | Reached XP level 8. HP: 46/46 MP: 11/19
  5444 | D:4      | Noticed Edmund
  5455 | D:4      | Killed Edmund
  5571 | D:4      | Found a basalt altar of Yredelemnul.
  5857 | D:5      | Entered Level 5 of the Dungeon
  6926 | D:5      | Found a stormy altar of Qazlal.
  6934 | D:5      | Learned a level 5 spell: Lightning Bolt
  6949 | D:5      | Noticed an air elemental
  7014 | D:5      | Found a staircase to the Ecumenical Temple.
  7095 | Temple   | Entered the Ecumenical Temple
  7197 | Temple   | Became a worshipper of Sif Muna the Loreminder
  7625 | D:6      | Reached skill level 1 in Air Magic
  7707 | D:6      | Reached XP level 9. HP: 48/52 MP: 7/22
  7737 | D:6      | Learned a level 2 spell: Swiftness
  7859 | D:6      | Found an iron altar of Okawaru.
  8137 | D:6      | Found a white marble altar of Elyvilon.
  9023 | D:7      | Reached * piety under Sif Muna
  9656 | D:7      | Found Ysam Neth's Magic Scroll Emporium.
  9662 | D:7      | Bought a scroll of teleportation for 36 gold pieces
  9725 | D:7      | Found a radiant altar of Vehumet.
  9850 | D:7      | Found a hide-covered altar of Uskayaw.
 10069 | D:7      | Reached ** piety under Sif Muna
 10234 | D:8      | Reached skill level 5 in Fighting
 10545 | D:8      | Reached XP level 10. HP: 51/59 MP: 2/25
 10677 | D:8      | Found a glowing silver altar of Zin.
 10684 | D:8      | Noticed an angel
 10685 | D:8      | Found a runed door.
 10740 | D:8      | Found an ancient bone altar of Kikubaaqudgha.
 11125 | D:9      | Found Ighabocw's General Store.
 11133 | D:9      | Bought a scroll of teleportation for 48 gold pieces
 11133 | D:9      | Bought a potion of mutation for 128 gold pieces
 11140 | D:9      | Noticed Prince Ribbit
 11144 | D:9      | Killed Prince Ribbit
 11533 | D:9      | Reached skill level 5 in Air Magic
 11583 | D:9      | Found a shadowy altar of Dithmenos.
 11807 | D:9      | Reached *** piety under Sif Muna
 12039 | D:10     | Entered Level 10 of the Dungeon
 12463 | D:10     | Noticed a tengu warrior
 13343 | D:10     | Found a staircase to the Orcish Mines.
 13416 | D:10     | Found a glowing golden altar of the Shining One.
 13667 | D:10     | Mangled by a tengu warrior

Skill      XL: |  1  2  3  4  5  6  7  8  9 10 |
---------------+-------------------------------+-----
Conjurations   | 2 3 4 5 6 7 8 9 |  9.5
Fighting       | 1 2 3 4 5 |  5.8
Fire Magic     | 4 5 6 7 8 |  8.5
Spellcasting   | 4 5 6 7 9 |  9.9
Air Magic      | 1 3 5 |  5.9
Dodging        | |  2.4
Stealth        | |  2.4

Action                   |  1- 3 |  4- 6 |  7- 9 | 10-12 || total
-------------------------+-------+-------+-------+-------++-------
Melee: Dagger            |    14 |     4 |   259 |       ||   277
       Staff             |       |       |       |     4 ||     4
Throw: Tomahawk          |       |       |     5 |       ||     5
 Cast: Flame Tongue      |    51 |    76 |   130 |    78 ||   335
       Throw Flame       |    22 |    51 |    41 |    18 ||   132
       Sticky Flame      |       |     4 |    30 |    25 ||    59
       Conjure Flame     |       |     1 |     2 |     5 ||     8
       Fireball          |       |       |    22 |     7 ||    29
       Lightning Bolt    |       |       |       |    20 ||    20
  Use: Scroll            |     1 |     4 |    10 |     3 ||    18
       Potion            |       |     1 |     2 |     1 ||     4
  Eat: Chunk             |     4 |     8 |    17 |    13 ||    42
       Ration            |       |       |     3 |     1 ||     4
Armor: Robe              |     8 |     5 |    46 |     8 ||    67
Dodge: Dodged            |    37 |    21 |   144 |    35 ||   237
Block: Other             |       |     4 |    21 |    10 ||    35
       Reflection        |       |       |       |     1 ||     1
